 Dungeon Crawl Stone Soup version 0.30-a0-459-g9104f0fc43 (webtiles) character file.

Game seed: 16033740679086596609

602 Demz the Cudgeller (level 7, -2/61 HPs)
             Began as a Minotaur Fighter on Dec 14, 2022.
             Engulfed by a steam dragon's steam (5 damage)
             ... on level 4 of the Dungeon on Dec 16, 2022.
             The game lasted 00:20:59 (3056 turns).

Demz the Cudgeller (Minotaur Fighter)               Turns: 3056, Time: 00:21:00

Health: -2/61      AC:  7    Str: 20    XL:     7   Next: 18%
Magic:  6/6        EV: 10    Int:  5    God:
Gold:   192        SH:  5    Dex: 12    Spells: 6/6 levels left

rFire   . . .      SeeInvis .    a - +0 flail
rCold   . . .      Faith    .    c - +0 buckler
rNeg    . . .      Spirit   .    b - +0 scale mail
rPois   .          Reflect  .    (helmet restricted)
rElec   .          Harm     .    (no cloak)
rCorr   .          Rampage  .    (no gloves)
Will    .....                    (no boots)
Stlth   ..........               (no amulet)
HPRegen 0.30/turn                (no ring)
MPRegen 0.10/turn                (no ring)

@: no status effects
A: horns 2, retaliatory headbutt
a: no special abilities


You were on level 4 of the Dungeon.
You visited 1 branch of the dungeon, and saw 5 of its levels.

You collected 192 gold pieces.

Inventory:

Hand Weapons
 a - a +0 flail (weapon)
Missiles
 p - 2 atropa-tipped darts (quivered)
Armour
 b - a +0 scale mail (worn)
 c - a +0 buckler (worn)
 l - an orb of light
 n - the +1 chain mail of Parts Unknown {rElec Str+7 Dex-4 Slay-5}
   (You found it on level 2 of the Dungeon)

   Str:       It affects your strength (+7).
   Dex:       It affects your dexterity (-4).
   Slay:      It affects your accuracy & damage with ranged weapons and melee
   (-5).
   rElec:     It insulates you from electricity.
Jewellery
 m - a +6 ring of intelligence
Scrolls
 d - a scroll of vulnerability {unknown}
 e - 3 scrolls of teleportation {unknown}
 f - 2 scrolls of enchant weapon {unknown}
 g - a scroll of immolation
 i - a scroll of blinking {unknown}
 j - a scroll of butterflies {unknown}
 k - 4 scrolls of identify {unknown}
 q - a scroll of brand weapon {unknown}
Potions
 h - a potion of heal wounds {unknown}
 o - 2 potions of curing
 r - a potion of resistance {unknown}
 s - a potion of berserk rage {unknown}
 t - a potion of degeneration {unknown}


   Skills:
 + Level 5.5 Fighting
 + Level 6.1 Maces & Flails
 + Level 5.8 Armour
 + Level 1.5 Dodging
 + Level 0.6 Stealth
 + Level 4.6 Shields


You had 6 spell levels left.
You didn't know any spells.
Your spell library contained the following spells:

 Spells                   Type           Power      Damage    Failure   Level
 Freeze                   Ice            0%         1d3       88%         1
 Magic Dart               Conj           0%         1d3       88%         1
 Call Imp                 Summ           0%         N/A       95%         2
 Frozen Ramparts          Ice            0%         1d1       99%         3
 Hailstorm                Conj/Ice       0%         3d3       99%         3
 Mephitic Cloud           Conj/Pois/Air  0%         N/A       99%         3


Dungeon Overview and Level Annotations

Branches:
Dungeon (5/15)
 Temple: D:4-7

Altars:

Shops:
D:2 ?


Innate Abilities, Weirdness & Mutations

You have a pair of horns on your head.
You reflexively headbutt those who attack you in melee.


Message History

The sky beast hits you but does no damage.
You hit the sky beast. Your headbutt misses the sky beast.
The sky beast is severely wounded.
The sky beast hits you. The sky beast shocks you.
You sock the sky beast!
You kill the sky beast!
The adder bites you but does no damage.
Your Maces & Flails skill increases to level 6!
You have reached level 7!
You hit the adder.
You headbutt the adder, but do no damage.
The adder is moderately wounded.
The adder bites you.
You are poisoned.
The adder poisons you! The adder bites you.
You completely miss the adder.
The adder is moderately wounded.
You feel sick. The adder bites you but does no damage.
You hit the adder.
The adder is severely wounded.
You feel sick. The adder bites you but does no damage. The adder bites you.
* * * LOW HITPOINT WARNING * * *
You closely miss the adder. Your headbutt misses the adder.
The adder is severely wounded.
You feel sick. The adder misses you. You furiously retaliate!
You headbutt the adder.
You kill the adder!
You start resting.
You feel sick. x3
You are no longer poisoned.
You see here a hound corpse.
You start resting.
A steam dragon comes into view.
The steam dragon hisses angrily.
The steam dragon breathes steam at you. The ball of steam hits you!
* * * LOW HITPOINT WARNING * * *
You hear a shout!
You hear an angry hiss. x2
Okay, then.
You are engulfed in a cloud of scalding steam.
You die...

.........#####. ##.. ..
#.#.......##... #...
.#......##....##^.#
###......#....##..#
........##....#..#
#........#....)8.#
##.8#8...#....#..#
...#!#...#....#..# #
##.8#8...#....#8@# 8#
#.......#....#§§## Y.#
##......#....##§§## ..#
##.....##..^.##§§####..#
##.....##....##..D...#
#......###...###..###
#......#####...####
#..........#.#......
#......###...#######


There were no monsters in sight!

Vanquished Creatures
  The ghost of KingMieszko3 the Chopper, an amateur MiBe of Trog (D:3)
  A sky beast (D:4)
  2 hounds (D:4)
  An orc priest (D:4)
  Terence (D:2)
  Natasha (twice) (D:3)
  2 orc wizards
  6 adders
  2 ufetubi (D:4)
  A worm (D:2)
  2 dart slugs
  10 orcs
  13 ball pythons
  9 endoplasms
  3 giant cockroaches (D:1)
  5 goblins
  5 hobgoblins
  3 jackals (D:1)
  3 quokkas
  6 bats
  3 frilled lizards
  10 kobolds
  2 rats
93 creatures vanquished.

Notes
Turn   | Place    | Note
-------+----------+-------------------------------------------
     0 | D:1      | Demz the Minotaur Fighter began the quest for the Orb.
     0 | D:1      | Reached XP level 1. HP: 19/19 MP: 0/0
   130 | D:1      | Reached XP level 2. HP: 23/27 MP: 1/1
   189 | D:1      | Found a faded altar of an unknown god.
   231 | D:1      | Reached XP level 3. HP: 33/33 MP: 2/2
   271 | D:1      | Upgraded the game from 0.30-a0-458-g86641cc369 to
                  | 0.30-a0-459-g9104f0fc43
  1104 | D:3      | Noticed Terence
  1109 | D:2      | Killed Terence
  1110 | D:2      | Reached skill level 3 in Maces & Flails
  1110 | D:2      | Reached XP level 4. HP: 36/41 MP: 3/3
  1148 | D:2      | Found Voehos's Magic Scroll Shoppe.
  1322 | D:2      | Identified the +1 chain mail of Parts Unknown {rElec Str+7
                  | Dex-4 Slay-5}
  1731 | D:3      | Found a runed translucent gate.
  1731 | D:3      | Found a runed translucent gate.
  1731 | D:3      | Found a runed translucent gate.
  1731 | D:3      | Noticed KingMieszko3's ghost (amateur MiBe)
  1905 | D:3      | Noticed Natasha
  1911 | D:3      | Reached XP level 5. HP: 38/47 MP: 4/4
  1927 | D:3      | Killed Natasha
  1928 | D:3      | Reached skill level 4 in Maces & Flails
  2199 | D:3      | Noticed Natasha
  2418 | D:3      | Killed Natasha
  2495 | D:3      | Killed KingMieszko3's ghost
  2496 | D:3      | Reached skill level 5 in Fighting
  2496 | D:3      | Reached skill level 5 in Maces & Flails
  2496 | D:3      | Reached skill level 5 in Armour
  2496 | D:3      | Reached skill level 1 in Dodging
  2496 | D:3      | Reached XP level 6. HP: 38/56 MP: 5/5
  2780 | D:5      | Entered Level 5 of the Dungeon
  3007 | D:4      | Noticed a sky beast
  3032 | D:4      | Killed a sky beast
  3033 | D:4      | Reached skill level 6 in Maces & Flails
  3033 | D:4      | Reached XP level 7. HP: 26/61 MP: 6/6
  3054 | D:4      | Noticed a steam dragon
  3055 | D:4      | HP: 3/61 [something/ball of steam (17)]
  3056 | D:4      | Engulfed by a steam dragon's steam

Illustrated notes

Levels and vault maps discovered:
D:1:      dpeg_arrival_pits, layout_loops_ring,
          hellmonk_ecumenical_altar_blasted
D:2:      layout_basic, serial_shops, shop
D:3:      layout_basic, ebering_ghost_rock_garden, st_stairs_3, uniq_natasha,
          uniq_terence
D:4:      layout_basic, minmay_temple_entry_wispy, minmay_statues_item,
          nzn_random_ring
D:5:      layout_basic, bloody_trog, gammafunk_ghost_icy, nicolae_titane

Skill      XL: |  1  2  3  4  5  6 |
---------------+-------------------+-----
Fighting       | 4 5 |  5.5
Armour         | 4 5 |  5.8
Shields        | 4 |  4.6
Maces & Flails | 3 5 6 |  6.1
Dodging        | 1 |  1.5
Stealth        | |  0.6

Action                   |  1- 3 |  4- 6 |  7- 9 || total
-------------------------+-------+-------+-------++-------
Melee: Flail             |    66 |   169 |     4 ||   239
       Headbutt          |    11 |    27 |     1 ||    39
  Use: Potion            |       |     1 |       ||     1
Armor: Scale mail        |    23 |    56 |     2 ||    81
       Chain mail        |       |    30 |       ||    30
Dodge: Dodged            |    23 |    54 |     1 ||    78
Block: Buckler           |    17 |    40 |       ||    57

Table legend: (Time is in decaauts)
 A = Elapsed time spent in this place.
 B = Non-inter-level travel time spent in this place.
 C = Inter-level travel time spent in this place.
 D = Time resting spent in this place.
 E = Time spent auto-exploring this place.
 F = Levels seen in this place.
 G = Mean time per level.
                   A        B        C        D        E       F      G
               +--------+--------+--------+--------+--------+-----+--------+
         Total |   3125 |   3028 |     97 |    507 |   1051 |   5 |  625.0 |
       Dungeon |   3125 |   3028 |     97 |    507 |   1051 |   5 |  625.0 |
               +--------+--------+--------+--------+--------+-----+--------+

Top non-repeatable levels by time:
     D:3: 1235 daAuts
     D:1: 841 daAuts
     D:2: 598 daAuts
     D:4: 448 daAuts
     D:5: 1 daAuts
